 Dungeon Crawl Stone Soup version 0.31-a0-1576-ga3383bade6 (webtiles) character file.

Game seed: 11947650460617404116

1487 grandjackal the Trooper (level 8, -1/57 (64) HPs)
             Began as a Demonspawn Gladiator on Jan 5, 2024.
             Was a Follower of Okawaru.
             Slain by a wight
             ... wielding a +1 falchion of distortion
              (4 damage)
             ... on level 6 of the Dungeon.
             The game lasted 00:08:06 (6384 turns).

grandjackal the Trooper (Demonspawn Gladiator)      Turns: 6384, Time: 00:08:06

HP:   -1/57 (64)    AC:  9    Str: 17    XL:     8   Next: 50%
MP:   10/10         EV: 10    Int: 14    God:    Okawaru [*.....]
Gold: 425           SH: 10    Dex: 17    Spells: 7/7 levels left

rFire   . . .        a - +0 war axe
rCold   . . .        k - +0 kite shield
rNeg    . . .        E - +1 ring mail {rPois}
rPois   +            c - +0 helmet
rElec   .            s - +0 cloak
rCorr   .            F - +0 pair of gloves
SInv    .            (no boots)
Will    .....        (no amulet)
Stlth   ++           B - +6 ring of intelligence
HPRegen 0.29/turn    (no ring)
MPRegen 0.12/turn

%: no passive effects
@: heavily drained
A: hooves 2, thin skeletal structure 1, (demonic guardian 1), foul stench 1
a: Renounce Religion, Heroism


You were on level 6 of the Dungeon.
You worshipped Okawaru.
Okawaru was aware of your devotion.
You visited 2 branches of the dungeon, and saw 8 of its levels.
You also visited: Ossuary.

You collected 425 gold pieces.

Inventory:

Hand Weapons
 a - a +0 war axe (weapon)
 I - a +1 flail
Missiles
 d - 3 throwing nets (quivered)
 e - a javelin
Armour
 c - a +0 helmet (worn)
 k - a +0 kite shield (worn)
 s - a +0 cloak (worn)
 E - a +1 ring mail of poison resistance (worn)
 F - a +0 pair of gloves (worn)
Jewellery
 b - an amulet of reflection
 r - a ring of fire
 B - a +6 ring of intelligence (left hand)
Wands
 D - a wand of polymorph (9)
Scrolls
 g - 9 scrolls of identify {unknown}
 i - a scroll of blinking {unknown}
 l - 3 scrolls of teleportation
 m - a scroll of vulnerability {unknown}
 p - a scroll of revelation {unknown}
 t - 2 scrolls of noise {unknown}
 u - a scroll of immolation {unknown}
 v - a scroll of acquirement {unknown}
 x - a scroll of silence {unknown}
 y - a scroll of amnesia {unknown}
 A - a scroll of poison {unknown}
 G - a scroll of fear {unknown}
 H - a scroll of enchant armour {unknown}
Potions
 f - 5 potions of heal wounds {unknown}
 h - 4 potions of degeneration {unknown}
 j - a potion of lignification {unknown}
 n - 3 potions of curing {unknown}
 o - 2 potions of haste {unknown}
 q - 2 potions of might {unknown}
 w - 2 potions of mutation {unknown}
 z - 3 potions of resistance {unknown}
 C - 2 potions of ambrosia {unknown}


   Skills:
 + Level 6.2 Fighting
 + Level 6.0 Axes
 - Level 2.0 Throwing
 - Level 3.0 Dodging
 + Level 4.9 Shields
 + Level 3.4 Invocations


You had 7 spell levels left.
You didn't know any spells.
Your spell library contained the following spells:

 Spells                   Type           Power      Damage    Failure   Level
 Mercury Vapours          Alch/Air       0%         N/A       91%         2
 Mephitic Cloud           Conj/Alch/Air  0%         N/A       99%         3
 Passage of Golubria      Tloc           0%         N/A       100%        4
 Freezing Cloud           Conj/Ice/Air   0%         6-21      100%        5
 Yara's Violent Unravell  Hex/Alch       0%         3d3       100%        5
 Tukima's Dance           Hex            Unusable   N/A       N/A         3

Dungeon Overview and Level Annotations

Branches:
Dungeon (7/15)             Temple (1/1) D:5         Ossuary (visited)

Altars:
Ashenzari
Cheibriados
Dithmenos
Fedhas
Gozag
Hepliaklqana
Kikubaaqudgha
Okawaru
Qazlal
Ru
Wu Jian
Xom
Yredelemnul

Annotations:
D:4 Dowan, Duvessa


Innate Abilities, Weirdness & Mutations

You have hoof-like feet.
You have a somewhat thin skeletal structure. (Dex +2, Stealth+)
((A weak demonic guardian rushes to your aid.))
You may rarely emit foul miasma when damaged in melee.


Message History

You feel drained.
The wight hits you with a +3 dire flail!
You barely miss the wight.
The wight is moderately damaged.
You hit the wight but do no damage. The wight closely misses you.
The wight hits you with a +3 dire flail.
You feel drained.
You hit the wight but do no damage. You kick the wight.
The wight is moderately damaged.
You hit the wight.
The wight hits you with a +1 falchion of distortion!
You feel drained. Space warps around you.
The wight hits you with a +3 dire flail.
You feel drained.
You closely miss the wight. You kick the wight, but do no damage.
The wight is severely damaged.
You hit the wight but do no damage.
The wight hits you with a +1 falchion of distortion.
* * * LOW HITPOINT WARNING * * *
Space warps around you.
* * * LOW HITPOINT WARNING * * *
The wight closely misses you.
You slash the wight!
You destroy the wight!
Okawaru accepts your kill.
You hit the wight but do no damage.
The wight hits you with a +1 falchion of distortion.
* * * LOW HITPOINT WARNING * * *
You feel drained. Space warps around you.
* * * LOW HITPOINT WARNING * * *
You block the wight's attack.
Your Axes skill increases to level 6!
Okay, then.
Throw: 4 throwing nets
Press: ? - help, Q - select action, (/) - cycle Shift-Dir - straight line, f - wight
Aim: a wight, wielding a +1 falchion of distortion, wearing a +0 robe and quivering stones (moderately damaged, 62% to hit)
You throw a throwing net.
The throwing net barely misses the wight.
The wight hits you with a +1 falchion of distortion.
You die...

########### ############
..........# #..........######
#########.# #.########.......
..#######.#######.###############
#............(............#
.##.#####.###.#.#####...#.#
....####.#................###
^........(.....z@[..........#
..###.###.###.#)#####..##.#<# ..#
#.# #.###.#.# #..##.#.# #.###.#
#..##.#.# #..##.#.#
#.....####.##.#.# #..##.#[#####
###.............# #..##........
###.####.##.#.# #..##.#.####. #.#
#.##[#.#####........###. ##.##
#.##.#...............##.


You could see a wight.

Vanquished Creatures
  A black bear (D:5)
  A phantom (D:5)
  2 elf zombies (Ossuary)
  2 scorpions
  3 wights (D:6)
  A hound (D:4)
  3 orc priests
  A bombardier beetle (D:3)
  2 jellies
  A gnoll bouda (D:6)
  Natasha (thrice) (D:2)
  4 orc wizards
  Ijyb (D:5)
  3 iguanas
  3 hound zombies (Ossuary)
  4 mummies (Ossuary)
  8 gnolls
  7 adders
  A shadow imp (D:6)
  An adder zombie (Ossuary)
  3 ribbon worms
  3 dart slugs
  11 orcs
  4 bats
  4 endoplasms
  A giant cockroach (D:1)
  A gnoll zombie (Ossuary)
  7 goblins
  5 hobgoblins
  14 jackals
  8 kobolds
  4 quokkas
  7 ball pythons
  3 frilled lizards
  A goblin zombie (Ossuary)
  A jackal zombie (Ossuary)
  2 rats (D:2)
  3 rat zombies (Ossuary)
134 creatures vanquished.

Vanquished Creatures (collateral kills)
  A jelly (D:4)
1 creature vanquished.

Grand Total: 135 creatures vanquished

Notes
Turn   | Place    | Note
-------+----------+-------------------------------------------
     0 | D:1      | grandjackal the Demonspawn Gladiator began the quest for
                  | the Orb.
     0 | D:1      | Reached XP level 1. HP: 16/16 MP: 1/1
   276 | D:1      | Gained mutation: You may rarely emit foul miasma when
                  | damaged in melee. [demonic ancestry]
   276 | D:1      | Reached XP level 2. HP: 20/22 MP: 2/2
   534 | D:1      | Gained mutation: You have large cloven feet. [demonic
                  | ancestry]
   534 | D:1      | Reached XP level 3. HP: 20/28 MP: 3/3
  1087 | D:2      | Noticed Natasha
  1095 | D:2      | Killed Natasha
  1172 | D:2      | Reached XP level 4. HP: 35/35 MP: 4/4
  1201 | D:2      | Reached skill level 1 in Shields
  1363 | D:2      | Noticed Natasha
  1369 | D:2      | Killed Natasha
  1674 | D:2      | Noticed Natasha
  1680 | D:2      | Killed Natasha
  1681 | D:2      | Gained mutation: You have a somewhat thin skeletal
                  | structure. (Dex +2, Stealth+) [demonic ancestry]
  1681 | D:2      | Reached XP level 5. HP: 29/41 MP: 5/5
  3241 | D:4      | Gained mutation: You have hoof-like feet. [demonic
                  | ancestry]
  3241 | D:4      | Reached XP level 6. HP: 46/48 MP: 6/6
  3367 | D:4      | Found a sand-covered staircase.
  3386 | Ossuary  | Entered an ossuary
  3598 | Ossuary  | Gained mutation: A weak demonic guardian rushes to your
                  | aid. [demonic ancestry]
  3598 | Ossuary  | Reached XP level 7. HP: 14/55 MP: 7/7
  4112 | D:4      | Reached skill level 5 in Fighting
  4118 | D:4      | Reached skill level 5 in Axes
  4440 | D:4      | Found a shadowy altar of Dithmenos.
  4523 | D:4      | Noticed Dowan
  4525 | D:4      | Noticed Duvessa
  4592 | D:5      | Entered Level 5 of the Dungeon
  4597 | D:5      | Found a staircase to the Ecumenical Temple.
  4613 | D:5      | Found an ornate altar of the Wu Jian Council.
  4650 | D:5      | Noticed a spectral centipede
  4650 | D:5      | Noticed a spectral black mamba
  4650 | D:5      | Noticed a spectral cane toad
  4704 | Temple   | Entered the Ecumenical Temple
  4786 | Temple   | Became a worshipper of Warmaster Okawaru
  4823 | D:5      | Reached skill level 1 in Invocations
  4987 | D:5      | Noticed Ijyb
  4994 | D:5      | Killed Ijyb
  4995 | D:5      | Reached XP level 8. HP: 57/63 MP: 8/8
  5309 | D:5      | Identified the +1 morningstar "Widowmaker" {antimagic,
                  | *Noise rElec rPois Int+4}
  6358 | D:6      | Reached * piety under Okawaru
  6383 | D:6      | HP: 2/55 [wight/+1 falchion of distortion (3)]
  6384 | D:6      | Slain by a wight

Illustrated notes

Levels and vault maps discovered:
D:1:      scummos_arrival_simple_fountains, layout_basic
D:2:      layout_basic, uniq_natasha
D:3:      layout_basic, hangedman_decor_riveting
D:4:      layout_rooms, grunt_dithmenos_smoke_and_mirrors,
          mainiacjoe_overflow_alcove_4, lightli_ossuary_entry_decrepit_ruins,
          kennysheep_orc_chapel, uniq_duvessa, uniq_crazy_yiuf_cottage
D:5:      layout_basic, pdpol_wu_jian_five_deadly_venoms,
          minmay_temple_entry_purple_smoke, uniq_ijyb
D:6:      layout_loops_ring
D:7:      cheibrodos_quashed, layout_basic, serial_shops, nicolae_shop_stone
Temple:   nicolae_temple_figure_eight

Skill      XL: |  1  2  3  4  5  6  7  8 |
---------------+-------------------------+-----
Throwing       | 2 |  2.0
Axes           | 3 4 5 6 |  6.0
Dodging        | 3 |  3.0
Fighting       | 3 4 5 6 |  6.2
Shields        | 1 2 3 4 |  4.9
Invocations    | 1 3 |  3.4

Action                     |  1- 3 |  4- 6 |  7- 9 || total
---------------------------+-------+-------+-------++-------
  Melee: War axe           |    55 |   202 |   184 ||   441
         Kick              |     3 |    52 |    64 ||   119
         Unarmed           |       |       |     2 ||     2
         Punch             |       |       |     2 ||     2
  Throw: Throwing net      |       |       |     1 ||     1
    Use: Scroll            |       |       |     1 ||     1
   Stab: Sleeping          |     1 |     3 |     3 ||     7
 Armour: Leather armour    |    39 |   136 |    63 ||   238
         Ring mail         |       |       |    55 ||    55
  Dodge: Dodged            |    47 |   144 |   117 ||   308
  Block: Kite shield       |       |       |    56 ||    56

Table legend: (Time is in decaauts)
 A = Elapsed time spent in this place.
 B = Non-inter-level travel time spent in this place.
 C = Inter-level travel time spent in this place.
 D = Time resting spent in this place.
 E = Time spent auto-exploring this place.
 F = Levels seen in this place.
 G = Mean time per level.
                   A        B        C        D        E       F      G
               +--------+--------+--------+--------+--------+-----+--------+
         Total |   6530 |   6292 |    238 |   1211 |   3646 |   9 |  725.6 |
       Dungeon |   5993 |   5772 |    221 |    997 |   3646 |   7 |  856.1 |
        Temple |     99 |     82 |     17 |      0 |      0 |   1 |   99.0 |
       Ossuary |    437 |    437 |      0 |    214 |      0 |   1 |  437.0 |
               +--------+--------+--------+--------+--------+-----+--------+

Top non-repeatable levels by time:
     D:2: 1379 daAuts
     D:3: 1108 daAuts
     D:5: 947 daAuts
     D:1: 885 daAuts
     D:4: 883 daAuts
     D:6: 755 daAuts
 Ossuary: 437 daAuts
  Temple: 99 daAuts
     D:7: 32 daAuts
